 Dungeon Crawl Stone Soup version 0.31-a0-702-gf82c85558f (webtiles) character file.

Game seed: 7491919007371838406

66 qw the Shooter (level 4, -7/28 HPs)
             Began as a Gargoyle Hunter on Sept 7, 2023.
             Killed by divine providence
             ... invoked by an orc priest
              (16 damage)
             ... on level 3 of the Dungeon.
             The game lasted 00:00:33 (1438 turns).

qw the Shooter (Gargoyle Hunter)                    Turns: 1438, Time: 00:00:34

Health: -7/28      AC:  6    Str: 15      XL:     4   Next: 15%
Magic:  4/4        EV: 11    Int:  8 (9)  God:
Gold:   64         SH:  0    Dex: 14 (15) Spells: 3/3 levels left

rFire   . . .        Y - +1 shortbow
rCold   . . .        (shield currently unavailable)
rNeg    + . .        c - +0 leather armour
rPois   inf          (no helmet)
rElec   +            (no cloak)
rCorr   +            (no gloves)
SInv    .            (no boots)
Will    .....        (no amulet)
Stlth   +            d - ring of resist corrosion
HPRegen 0.24/turn    (no ring)
MPRegen 0.09/turn

%: clarity
@: no status effects
A: sickness immunity, AC +3, negative energy resistance 1, electricity
resistance, torment resistance 1, petrification resistance, clarity,
deterioration 1
a: no special abilities


You were on level 3 of the Dungeon.
You visited 1 branch of the dungeon, and saw 3 of its levels.

You collected 64 gold pieces.


Innate Abilities, Weirdness & Mutations

You are immune to sickness and miasma.
Your stone body is resilient. (AC +3)
You are immune to poison.
You resist negative energy. (rN+)
You are resistant to electric shocks. (rElec)
You are resistant to unholy torment.
You are immune to petrification.
You possess an exceptional clarity of mind.
Your body sometimes deteriorates upon taking damage.


   Skills:
 - Level 3.0 Fighting
 + Level 5.2 Ranged Weapons
 - Level 1.5 Dodging
 - Level 1.1 Stealth


You had 3 spell levels left.
You didn't know any spells.
Your spell library was empty.

Inventory:

Hand Weapons
 Y - a +1 shortbow (weapon)
Armour
 c - a +0 leather armour (worn)
Jewellery
 d - a ring of resist corrosion (left hand)
Scrolls
 a - a scroll of teleportation
 f - a scroll of identify
Potions
 e - 2 potions of curing
 h - a potion of mutation

Dungeon Overview and Level Annotations

Branches:
Dungeon (3/15)

Altars:


Message History

The orc wizard is healed somewhat.
The orc closely misses you.
You shoot an arrow.
The arrow closely misses the orc priest.
The arrow hits the orc wizard.
The orc wizard is lightly wounded.
The orc priest mumbles some strange prayers to Beogh against you.
Pain shoots through your body! The orc closely misses you.
You shoot an arrow. The arrow hits the orc priest.
The orc priest is heavily wounded.
The orc priest closely misses you.
You shoot an arrow. The arrow hits the orc priest!
The orc priest is almost dead.
You shoot an arrow. The arrow hits the orc.
The orc is heavily wounded.
The orc wizard casts a spell.
The orc wizard flickers and vanishes!
Deactivating autopickup; reactivate with Ctrl-A.
You shoot an arrow. The arrow hits the orc.
The orc is severely wounded.
The orc hits you but does no damage.
The orc priest looks braver for a moment.
The orc barely misses you.
You shoot an arrow. The arrow completely misses the orc.
The arrow closely misses the orc priest.
The arrow closely misses the orc.
The orc misses you.
The orc priest miscasts a cantrip.
You shoot an arrow. The arrow barely misses the orc.
The arrow closely misses the orc priest.
The arrow hits the orc!
You kill the orc!
The orc hits you with a +0 dagger.
The orc priest calls upon Beogh to heal the orc.
The orc's wounds heal themselves!
You shoot an arrow. The arrow hits the orc!
You kill the orc!
The orc priest invokes the aid of Beogh against you.
Beogh smites you!
Ouch! That really hurt!
You die...

#. ##.## #...# +#
###...### ...
#.......# ....
#.......# .....
###.......###......
...........@)oo....
####....####l.....
##..## ..... #.##
.... ######.####
... #.........# +#
#.####.##.# #.#
##.##.# #.###..##.#


You could see an iguana, an orc priest and an orc.

Vanquished Creatures
  2 adders (D:1)
  A worm (D:2)
  2 dart slugs (D:1)
  2 orcs (D:3)
  2 endoplasms (D:2)
  A giant cockroach (D:1)
  3 goblins
  5 hobgoblins
  4 jackals (D:2)
  A quokka (D:2)
  3 ball pythons
  5 bats
  A frilled lizard (D:1)
  4 kobolds (D:1)
  4 rats
40 creatures vanquished.

Notes
Turn   | Place    | Note
-------+----------+-------------------------------------------
     0 | D:1      | qw the Gargoyle Hunter began the quest for the Orb.
     0 | D:1      | Reached XP level 1. HP: 12/12 MP: 1/1
     0 | D:1      | 0 ||| qw: Version: 0.3-a-76-g4403597
     0 | D:1      | 0 ||| qw: Game counter: 805
     0 | D:1      | 0 ||| qw: Melee chars always use a shield: true
     0 | D:1      | 0 ||| qw: God list: Okawaru
     0 | D:1      | 0 ||| qw: Allow faded altars: false
     0 | D:1      | 0 ||| qw: Do Orc after clearing Dungeon:15 true
     0 | D:1      | 0 ||| qw: Do second Lair branch before Depths: true
     0 | D:1      | 0 ||| qw: Lair rune preference: random
     0 | D:1      | 0 ||| qw: Goals: Normal
     0 | D:1      | 0 ||| PLANNING D:1-11
   116 | D:1      | Reached XP level 2. HP: 17/17 MP: 2/2
   562 | D:1      | Reached XP level 3. HP: 21/21 MP: 3/3
   567 | D:1      | 567 ||| UPGRADING to ring of resist corrosion.
   568 | D:1      | 568 ||| READING 2 scrolls labelled MAOHEI OCOINA.
   572 | D:1      | 572 ||| READING 2 scrolls labelled GADEMY BACS.
   573 | D:1      | 573 ||| READING scroll labelled INEUSI NEPSA.
   574 | D:1      | 574 ||| DRINKING 3 sedimented ruby potions.
   575 | D:1      | 575 ||| DRINKING 2 white potions.
   576 | D:1      | 576 ||| DRINKING 2 sedimented emerald potions.
   576 | D:1      | Gained mutation: Your body sometimes deteriorates upon
                  | taking damage. [potion of mutation]
   576 | D:1      | Gained mutation: You possess an exceptional clarity of
                  | mind. [potion of mutation]
   577 | D:1      | 577 ||| DROPPING scroll of butterflies.
   578 | D:1      | 578 ||| DROPPING potion of invisibility.
   579 | D:1      | 579 ||| DROPPING scroll of vulnerability.
   614 | D:2      | 614 ||| STAIRDANCE
   618 | D:1      | Reached skill level 5 in Ranged Weapons
   654 | D:2      | 654 ||| STAIRDANCE
   875 | D:2      | Reached skill level 3 in Fighting
   875 | D:2      | Reached XP level 4. HP: 28/28 MP: 4/4
   882 | D:2      | Found a faded altar of an unknown god.
  1349 | D:2      | 1349 ||| READING 2 scrolls labelled TOUD FEELIUSH.
  1350 | D:2      | 1350 ||| READING scroll labelled KOSKUWKEMPUING.
  1351 | D:2      | 1351 ||| DROPPING scroll of blinking.
  1438 | D:3      | Killed from afar by an orc priest

Levels and vault maps discovered:
D:1:      psy_arrival_basics, layout_basic
D:2:      layout_loops_ring, shapermc_ecumenical_altar_totnotflames
D:3:      layout_loops_corners, trog_hazing_becter

Skill      XL: |  1  2  3 |
---------------+----------+-----
Ranged Weapons | 5 |  5.2
Fighting       | 3 |  3.0
Dodging        | |  1.5
Stealth        | |  1.1

Action                     |  1- 3 |  4- 6 || total
---------------------------+-------+-------++-------
   Fire: Shortbow          |   101 |    26 ||   127
    Use: Scroll            |     3 |     2 ||     5
         Potion            |     3 |       ||     3
 Armour: Leather armour    |    36 |    10 ||    46
  Dodge: Dodged            |    35 |     7 ||    42

Table legend:
 A = Non-vault XP
 B = Vault XP
 C = Vault XP percentage of total XP
 D = Non-vault monster count
 E = Vault monster count
 F = Vault count percentage of total count
                 A         B        C        D         E       F
            +---------+---------+-------+---------+---------+-------
      Total |      98 |       0 |   0.0 |      40 |       0 |   0.0
            +---------+---------+-------+---------+---------+-------
        D:1 |      61 |       0 |   0.0 |      22 |       0 |   0.0
        D:2 |      31 |       0 |   0.0 |      16 |       0 |   0.0
        D:3 |       6 |       0 |   0.0 |       2 |       0 |   0.0
            +---------+---------+-------+---------+---------+-------
